Map: Ghost River LE

Players

Creator - Winner!

  • Race: Protoss Protoss
  • Spawn Location: 1:00

Epic

  • Race: Terran Terran
  • Spawn Location: 11:00

Event: ESL Spring 2024 Finals

VOD

Have the link to the VOD?

Description

Time

  • Played on: May 31, 2024, 11:48 a.m.
  • Length: 7:14

All games in this series

Show
View Real Time Build Order
Export as new Build Order

Creator Protoss - Winner!

Build Orders: 1 Gate Expand 

Get SALT Encoding   

  12  0:00  Probe  
  13  0:12  Probe  
  14  0:16  Pylon  
  14  0:24  Probe (Chrono Boost)  
  15  0:36  Probe (Chrono Boost)  
  15  0:38  Gateway  
  16  0:44  Probe (Chrono Boost)  
  16  0:45  Assimilator  
  17  0:51  Probe  
  18  1:03  Probe  
  19  1:15  Probe  
  20  1:26  Cybernetics Core  
  20  1:27  Zealot  
  22  1:41  Nexus  
  22  1:45  Pylon  
  22  1:48  Probe  
  22  1:53  Assimilator  
  23  2:00  Stalker (Chrono Boost)  
  23  2:04  Probe  
  26  2:16  Probe  
  26  2:17  Warp Gate  
  27  2:24  Stalker (Chrono Boost)  
  27  2:28  Probe  
  30  2:40  Probe  
  30  2:51  Stalker (Chrono Boost)  
  30  2:53  Probe x2  
  30  2:55  Gateway  
  34  3:05  Probe  
  35  3:12  Stalker  
  35  3:13  Probe  
  35  3:18  Probe  
  35  3:19  Gateway  
  39  3:30  Shield Battery  
  39  3:32  Probe  
  39  3:33  Probe  
  39  3:34  Twilight Council  
  40  3:45  Pylon  
  40  3:47  Probe  
  41  3:49  Probe  
  40  4:06  Stalker x2  
  40  4:07  Blink (Chrono Boost)  
  42  4:13  Probe  
  42  4:16  Stalker  
  45  4:19  Probe  
  46  4:31  Probe x2  
  46  4:32  Stalker x2  
  45  4:46  Stalker  
  45  4:48  Probe  
  45  4:51  Probe  
  47  4:54  Pylon  
  47  4:57  Stalker  
  49  5:00  Probe (Chrono Boost), Pylon  
  49  5:05  Pylon  
  51  5:08  Probe (Chrono Boost)  
  51  5:12  Probe (Chrono Boost)  
  50  5:16  Stalker  
  50  5:18  Probe (Chrono Boost)  
  50  5:20  Stalker  
  49  5:24  Stalker  
  49  5:26  Shield Battery  
  49  5:28  Shield Battery  
  49  5:31  Shield Battery  
  49  5:33  Pylon  
  49  5:39  Stalker  
  51  5:45  Shield Battery  
  51  5:46  Stalker  
  53  5:55  Gateway, Stalker  
  54  5:58  Shield Battery  
  54  6:05  Stalker  
  54  6:10  Shield Battery  
  56  6:12  Pylon  
  56  6:13  Pylon  
  56  6:15  Stalker  
  58  6:25  Stalker  
  60  6:29  Stalker  
  60  6:31  Pylon  
  62  6:33  Shield Battery  
  62  6:41  Stalker  
  62  6:44  Pylon, Probe x2  
  66  6:51  Stalker, Zealot  
  70  7:00  Stalker  
  70  7:02  Shield Battery  
  70  7:04  Shield Battery  
  69  7:10  Stalker  
Show
View Real Time Build Order
Export as new Build Order

Epic Terran 

Build Orders: 2 Factory 

Get SALT Encoding   

  12  0:00  SCV  
  13  0:12  SCV  
  14  0:18  Supply Depot  
  14  0:24  SCV  
  15  0:40  SCV, Barracks  
  16  0:45  Refinery  
  16  0:52  SCV  
  16  0:55  Refinery  
  17  1:04  SCV  
  18  1:16  SCV  
  19  1:28  Orbital Command, Reaper  
  20  1:33  Supply Depot  
  20  1:46  Factory  
  20  1:54  SCV  
  20  2:00  Reaper  
  22  2:06  Bunker  
  21  2:10  SCV  
  22  2:20  Factory  
  22  2:22  SCV  
  23  2:34  SCV  
  26  2:46  SCV  
  26  2:47  Supply Depot  
  25  2:52  Factory Reactor  
  25  3:01  SCV  
  25  3:03  Factory Tech Lab  
  25  3:21  SCV  
  25  3:23  Supply Depot  
  25  3:24  Siege Tank  
  29  3:28  Cyclone x2  
  31  3:56  Siege Tank  
  31  4:00  Cyclone x2  
  31  4:02  SCV  
  37  4:07  Supply Depot  
  33  4:14  SCV  
  33  4:29  Siege Tank  
  34  4:32  Cyclone x2  
  36  4:40  SCV  
  33  4:54  SCV  
  32  5:04  Cyclone  
  34  5:19  Siege Tank  
  31  5:36  Cyclone  
  33  5:55  Siege Tank  
  34  6:18  Cyclone  
Tags
 
Add a new tag
Caveats
  • Supply blocks, unpowered buildings, or Contaminate may cause inaccurate times.
  • Supply counts are checked every 10 seconds.